 Dungeon Crawl Stone Soup version 5.7-8-g3a8b389 (webtiles) character file.

10136 Thrkk the Timeless (level 13, -15/104 HPs)
             Began as a Demonspawn Wanderer on Sept 19, 2018.
             Was a High Priest of Cheibriados.
             Demolished by a skeletal warrior
             ... wielding a +0 quarterstaff
             ... led by a skeletal warrior
              (25 damage)
             ... on level 12 of the Dungeon on Sept 20, 2018.
             The game lasted 00:31:58 (12252 turns).

Thrkk the Timeless (Demonspawn Wanderer)           Turns: 12252, Time: 00:31:58

Health: -15/104    AC: 17 (28%)Str: 35  XL:     13   Next: 9%
Magic:  0/27       EV: 16    Int: 27    God:    Cheibriados [5*[130]]
Gold:   814        SH:  6    Dex: 23    Spells: 28/28 levels left

rFire    + . .     SeeInvis .   G - +4 scimitar (flame)
rCold    + . .     Faith    +   D - +0 buckler
rNeg     . . .     Spirit   +   s - +0 scale mail {rC+}
rPois    .         Reflect  .   (no helmet)
rElec    .                      h - +1 cloak
rCorr    .                      C - +1 pair of gloves "Mokamewa" {rF+}
MR       .....                  (boots unavailable)
Stlth    +.........             o - amulet of faith
Regen    0.3/turn               m - +3 ring of protection
MPRegen  0.6/turn               p - +5 ring of strength

@: very slow
A: hooves 3, slimy green scales 1, powered by death 1, magic shield, magic
regeneration, magic link
a: Bend Time, Temporal Distortion, Slouch, Step From Time, Renounce Religion


You were on level 12 of the Dungeon.
You worshipped Cheibriados.
Cheibriados was extremely pleased with you.
You were not hungry.

You visited 1 branch of the dungeon, and saw 12 of its levels.

You collected 814 gold pieces.

Inventory:

Hand Weapons
 a - a +2 spear (quivered)
 G - a +4 scimitar of flaming (weapon)
 I - a +1 double sword of freezing
Missiles
 e - 79 javelins
 A - 159 poisoned darts
 E - 13 curare darts
Armour
 h - a +1 cloak (worn)
 n - a +0 plate armour
 s - a +0 scale mail of cold resistance (worn)
 w - +0 fire dragon scales
 C - the +1 pair of gloves "Mokamewa" (worn) {rF+}
   (You found it on level 10 of the Dungeon)

   It protects you from fire.
 D - a +0 buckler (worn)
Jewellery
 m - a +3 ring of protection (left hand)
 o - an amulet of faith (around neck)
 p - a +5 ring of strength (right hand)
Wands
 j - a wand of flame (6)
 y - a wand of slimification (6)
 B - a wand of iceblast (12)
 F - a wand of disintegration (5)
 H - a wand of confusion (11)
 J - a wand of clouds (1)
Scrolls
 c - 8 scrolls of teleportation
 d - 3 scrolls of enchant armour
 g - 3 scrolls of enchant weapon
 i - 2 scrolls of magic mapping
 t - 5 scrolls of amnesia
 u - 3 scrolls of fog
Potions
 b - 3 potions of lignification
 f - a potion of invisibility
 k - a potion of flight
 q - 2 potions of augmentation
 r - a potion of ambrosia
 v - a potion of cancellation
 x - 2 potions of magic
 z - 3 potions of mutation


   Skills:
 - Level 10.3 Fighting
 - Level 12.5 Blades
 - Level 1.1 Polearms
 - Level 1.0 Throwing
 + Level 5.7 Armour
 + Level 5.9 Dodging
 - Level 1.7 Stealth
 + Level 5.5 Shields
 - Level 13.2 Invocations


You had 28 spell levels left.
You didn't know any spells.
Your spell library contained the following spells:

 Spells                   Type           Power        Failure   Level  Hunger
 Freezing Cloud           Ice/Air        0 (200)      100%        6    N/A
 Death's Door             Chrm/Necr      0 (200)      100%        8    N/A
 Bolt of Draining         Necr           0 (200)      99%         5    N/A
 Animate Dead             Necr           0 (200)      91%         4    N/A
 Pain                     Necr           0 (25)       22%         1    N/A
 Control Undead           Necr           0 (200)      91%         4    N/A
 Vampiric Draining        Necr           0 (200)      54%         3    N/A
 Haunt                    Necr/Summ      0 (200)      100%        7    N/A
 Borgnjor's Revivificati  Necr           0 (200)      100%        8    N/A
 Ozocubu's Refrigeration  Ice            0 (200)      100%        7    N/A
 Summon Ice Beast         Ice/Summ       0 (100)      91%         4    N/A
 Dispel Undead            Necr           0 (100)      99%         5    N/A
 Regeneration             Chrm/Necr      0 (200)      54%         3    N/A
 Sublimation of Blood     Necr           0 (200)      32%         2    N/A
 Iron Shot                Erth           0 (200)      100%        6    N/A
 Recall                   Summ/Tloc      N/A          54%         3    N/A
 Agony                    Necr           0 (100)      99%         5    N/A
 Spider Form              Tmut           0 (200)      54%         3    N/A
 Blade Hands              Tmut           0 (200)      99%         5    N/A
 Statue Form              Tmut/Erth      0 (150)      100%        6    N/A
 Ice Form                 Ice/Tmut       0 (100)      91%         4    N/A
 Dragon Form              Tmut           0 (200)      100%        7    N/A
 Necromutation            Tmut/Necr      0 (200)      100%        6    N/A
 Death Channel            Necr           0 (200)      100%        6    N/A
 Shadow Creatures         Summ           N/A          100%        6    N/A
 Passwall                 Tmut/Erth      0 (200)      32%         2    N/A
 Ensorcelled Hibernation  Hex/Ice        0 (50)       32%         2    N/A
 Silence                  Hex/Air        0 (200)      91%         4    N/A
 Shatter                  Erth           0 (200)      100%        9    N/A
 Excruciating Wounds      Chrm/Necr      0 (200)      99%         5    N/A
 Orb of Destruction       Erth           0 (200)      100%        7    N/A
 Leda's Liquefaction      Hex/Erth       0 (200)      91%         4    N/A
 Darkness                 Hex            0 (200)      100%        7    N/A
 Beastly Appendage        Tmut           0 (50)       22%         1    N/A
 Hydra Form               Tmut           0 (200)      100%        6    N/A
 Irradiate                Tmut           0 (200)      99%         5    N/A
 Cigotuvi's Embrace       Necr           0 (200)      100%        6    N/A
 Infestation              Hex/Necr       0 (200)      100%        7    N/A

Dungeon Overview and Level Annotations

Branches:
Dungeon (12/15)            Bazaar (0/1) D:11

Altars:
Cheibriados
Dithmenos
Elyvilon
Gozag
Jiyva
Kikubaaqudgha
Lugonu
Makhleb
Nemelex Xobeh
Okawaru
Qazlal
Ru
Sif Muna
Trog
Uskayaw
Vehumet
Wu Jian
Xom
Yredelemnul
Zin
The Shining One

Annotations:
D:12 Gastronok


Innate Abilities, Weirdness & Mutations

You have hooves in place of feet.
You are partially covered in slimy green scales. (AC +2)
You regenerate a little health from kills.
When hurt, damage is shared between your health and your magic reserves.
You regenerate magic rapidly.
When low on magic, you restore magic in place of health.


Message History

Gastronok gurgles horribly!
Unknown command.
Unknown command.
You feel much better.
Gastronok waves his eye-stalks in wide circles.
The air twists around and strikes you (17)!
* * * LOW HITPOINT WARNING * * *
You hit the skeletal warrior but do no damage.
You kick the skeletal warrior, but do no damage.
You slash the skeletal warrior (9)!
There is a fiery explosion!
The skeletal warrior is burned (2)!
The skeletal warrior is burned (4)!
The skeletal warrior is burned (1)!
You kick the skeletal warrior, but do no damage.
The skeletal warrior is lightly damaged.
Gastronok makes a strange noise.
Gastronok waves his eye-stalks in wide circles.
The air twists around and strikes you (23)!
* * * LOW HITPOINT WARNING * * *
The skeletal warrior hits you with a +0 quarterstaff (26)!!
You die...

## ########.###
##...........
###............
###..............
##...##...........
###z..####..........
###.z@###
#.......... #..)z##
#..........
.....>.##
##......... .......
#......... .......
#......... ......z #
##........ .......
..## #........
.w.....
....###.......
.......
......##......


You could see Gastronok and 3 skeletal warriors.

Vanquished Creatures
  Kirke (D:12)
  Snorg (D:10)
  2 hydras
  Erica (D:9)
  A two-headed ogre (D:12)
  A tengu warrior (D:9)
  5 death yaks (D:11)
  Nergalle (D:10)
  An orc high priest (D:12)
  A skeletal warrior (D:12)
  A deep elf mage (D:9)
  A manticore (D:11)
  2 cyclopes (D:11)
  2 black mambas
  A spiny frog (D:10)
  2 gargoyles (D:12)
  A rime drake (D:11)
  An efreet (D:9)
  4 trolls
  6 blink frogs
  8 slime creatures
  A wraith (D:9)
  3 wyverns
  7 hogs (D:12)
  A black mamba skeleton (D:9)
  An angry ghost (D:7)
  13 yaks
  A steam dragon (D:9)
  An acid dragon (D:12)
  3 water moccasins
  Duvessa (D:7)
  3 spiny frog skeletons
  2 black bears
  7 orc warriors
  2 ice beasts (D:9)
  2 wasps
  A phantom (D:8)
  6 ogres
  A blink frog skeleton (D:8)
  6 centaurs
  Blork the orc (D:5)
  A bullfrog (D:9)
  A wyvern zombie (D:9)
  Dowan (D:7)
  A wyvern skeleton (D:7)
  5 scorpions
  2 crimson imps
  9 killer bees
  11 wights
  4 centaur zombies
  2 wasp zombies
  A bullfrog zombie (D:5)
  3 hounds
  4 jellies
  2 quasits
  4 centaur skeletons
  15 orc wizards
  4 orc priests
  Jessica (D:3)
  6 worker ants
  A killer bee zombie (D:8)
  4 iguanas
  A hound skeleton (D:7)
  A worker ant zombie (D:5)
  4 adders
  4 shadow imps
  An ooze (D:3)
  2 dart slugs
  22 orcs
  6 quokkas
  4 giant cockroaches
  7 goblins
  7 hobgoblins
  5 jackals
  A ball python (D:1)
  4 bats
  8 frilled lizards
  6 kobolds
  7 rats
279 creatures vanquished.

Vanquished Creatures (others)
  A centaur (D:11)
  A jelly (D:9)
  An adder (D:2)
  A fungus (D:11)
  A plant (D:11)
5 creatures vanquished.

Grand Total: 284 creatures vanquished

Notes
Turn   | Place    | Note
-------+----------+-------------------------------------------
     0 | D:1      | Thrkk the Demonspawn Wanderer began the quest for the Orb.
     0 | D:1      | Thrkk set off with: a +2 spear, a potion of lignification, a scroll of teleportation, a +0 robe, a +0 dagger
     0 | D:1      | Reached XP level 1. HP: 21/21 MP: 2/2
    97 | D:1      | Gained mutation: You are partially covered in slimy green scales. (AC +2) [demonic ancestry]
    97 | D:1      | Reached XP level 2. HP: 27/27 MP: 4/4
   807 | D:2      | Reached XP level 3. HP: 34/34 MP: 5/5
  1026 | D:2      | Found a glowing golden altar of the Shining One.
  1097 | D:2      | Found a radiant altar of Vehumet.
  1137 | D:2      | Found a snail-covered altar of Cheibriados.
  1465 | D:2      | Found a basalt altar of Yredelemnul.
  1624 | D:2      | Became a worshipper of Cheibriados the Contemplative
  1664 | D:3      | Found a faded altar of an unknown god.
  1677 | D:3      | Gained mutation: You regenerate magic rapidly. [demonic ancestry]
  1677 | D:3      | Reached XP level 4. HP: 39/41 MP: 7/7
  1699 | D:3      | Found an opulent altar of Gozag.
  1731 | D:3      | Found a corrupted altar of Lugonu.
  1734 | D:3      | Found a shimmering altar of Xom.
  1739 | D:3      | Noticed Jessica
  1740 | D:3      | Found a sparkling altar of Nemelex Xobeh.
  1745 | D:3      | Killed Jessica
  1769 | D:3      | Gained mutation: You have large cloven feet. [demonic ancestry]
  1769 | D:3      | Reached XP level 5. HP: 31/48 MP: 8/8
  1879 | D:3      | Found a viscous altar of Jiyva.
  2246 | D:3      | Found a hide-covered altar of Uskayaw.
  2254 | D:3      | Reached * piety under Cheibriados
  2575 | D:4      | Noticed an ogre
  2585 | D:4      | Killed an ogre
  2693 | D:4      | Found a sacrificial altar of Ru.
  2700 | D:4      | Reached XP level 6. HP: 49/56 MP: 10/10
  3094 | D:4      | Found a shadowy altar of Dithmenos.
  3108 | D:4      | Found an ornate altar of the Wu Jian Council.
  3219 | D:4      | Found a glowing silver altar of Zin.
  3283 | D:4      | Reached ** piety under Cheibriados
  3433 | D:4      | Found a bloodstained altar of Trog.
  3575 | D:5      | Entered Level 5 of the Dungeon
  3586 | D:5      | Gained mutation: You have hoof-like feet. [demonic ancestry]
  3586 | D:5      | Reached XP level 7. HP: 52/64 MP: 12/12
  3791 | D:5      | Found an ancient bone altar of Kikubaaqudgha.
  3994 | D:5      | Noticed Blork the orc
  4000 | D:5      | Killed Blork the orc
  4000 | D:5      | Reached skill level 1 in Invocations
  4040 | D:5      | Reached skill level 2 in Invocations
  4074 | D:5      | Found a white marble altar of Elyvilon.
  4099 | D:5      | Found an iron altar of Okawaru.
  4153 | D:5      | Reached skill level 3 in Invocations
  4407 | D:5      | Reached skill level 10 in Fighting
  4512 | D:5      | Found a stormy altar of Qazlal.
  4585 | D:6      | Gained mutation: You have hooves in place of feet. [demonic ancestry]
  4585 | D:6      | Reached XP level 8. HP: 62/72 MP: 14/14
  4694 | D:6      | Reached skill level 4 in Invocations
  4702 | D:6      | Reached *** piety under Cheibriados
  4735 | D:6      | Reached skill level 5 in Invocations
  4807 | D:6      | Reached skill level 1 in Blades
  4989 | D:6      | Reached skill level 6 in Invocations
  5212 | D:7      | Reached **** piety under Cheibriados
  5311 | D:7      | Noticed Duvessa
  5318 | D:7      | Reached skill level 7 in Invocations
  5329 | D:7      | Killed Duvessa
  5329 | D:7      | Reached XP level 9. HP: 44/79 MP: 17/17
  5342 | D:7      | Noticed Dowan
  5347 | D:7      | Killed Dowan
  5604 | D:7      | Reached skill level 8 in Invocations
  5642 | D:7      | Found a deep blue altar of Sif Muna.
  5774 | D:7      | Reached skill level 9 in Invocations
  5791 | D:7      | Reached skill level 5 in Blades
  5806 | D:7      | Found a burning altar of Makhleb.
  6231 | D:8      | Reached skill level 10 in Invocations
  6569 | D:8      | Found a stormy altar of Qazlal.
  6680 | D:9      | Reached XP level 10. HP: 85/86 MP: 19/19
  7275 | D:9      | Reached ***** piety under Cheibriados
  7281 | D:9      | Noticed Erica
  7285 | D:9      | Killed Erica
  7322 | D:9      | Identified the +5 rapier "Weagru Fyun" {devast, rC- rN+ Int+4}
  7592 | D:9      | Noticed a tengu warrior
  7593 | D:9      | Noticed a black mamba
  7594 | D:9      | Noticed a deep elf mage
  7595 | D:9      | Killed a black mamba
  7598 | D:9      | Reached skill level 10 in Blades
  7604 | D:9      | Killed a tengu warrior
  7605 | D:9      | Killed a deep elf mage
  7605 | D:9      | Gained mutation: When hurt, damage is shared between your health and your magic reserves. [demonic ancestry]
  7605 | D:9      | Reached XP level 11. HP: 58/92 MP: 23/23
  8209 | D:10     | Entered Level 10 of the Dungeon
  8262 | D:10     | Noticed Snorg
  8276 | D:10     | Killed Snorg
  8276 | D:10     | Reached skill level 11 in Invocations
  8955 | D:10     | Got the +1 pair of gloves "Mokamewa" {rF+}
  8968 | D:10     | Reached skill level 12 in Invocations
  9250 | D:10     | Noticed Nergalle
  9258 | D:10     | Killed Nergalle
  9642 | D:11     | Reached skill level 13 in Invocations
 10039 | D:11     | Found a gateway to a bazaar.
 10119 | D:11     | Gained mutation: You regenerate a little health from kills. [demonic ancestry]
 10119 | D:11     | Reached XP level 12. HP: 98/98 MP: 24/24
 10252 | D:11     | Noticed a death yak
 10253 | D:11     | Noticed a death yak
 10262 | D:11     | Noticed a death yak
 10263 | D:11     | Killed a death yak
 10263 | D:11     | Reached skill level 1 in Shields
 10263 | D:11     | Noticed a death yak
 10266 | D:11     | Noticed a death yak
 10270 | D:11     | Killed a death yak
 10270 | D:11     | Reached skill level 1 in Armour
 10281 | D:11     | Killed a death yak
 10287 | D:11     | Killed a death yak
 10295 | D:11     | Killed a death yak
 10672 | D:11     | Noticed a five-headed hydra
 10678 | D:11     | Killed a five-headed hydra
 11043 | D:12     | Noticed a two-headed ogre
 11050 | D:12     | Killed a two-headed ogre
 11595 | D:12     | Noticed a seven-headed hydra
 11602 | D:12     | Killed a seven-headed hydra
 11975 | D:12     | Noticed Kirke
 11983 | D:12     | Reached skill level 5 in Dodging
 11983 | D:12     | Noticed an orc high priest
 11986 | D:12     | Noticed a sphinx
 11992 | D:12     | Killed Kirke
 11992 | D:12     | Reached skill level 5 in Armour
 11993 | D:12     | Reached skill level 5 in Shields
 11997 | D:12     | Killed an orc high priest
 12008 | D:12     | Gained mutation: When low on magic, you restore magic in place of health. [demonic ancestry]
 12008 | D:12     | Reached XP level 13. HP: 80/104 MP: 25/27
 12183 | D:12     | Found a shadowy altar of Dithmenos.
 12232 | D:12     | Noticed Gastronok
 12252 | D:12     | Demolished by a skeletal warrior

Skill      XL: |  1  2  3  4  5  6  7  8  9 10 11 12 |
---------------+-------------------------------------+-----
Fighting       | 6 7 9 10 | 10.3
Invocations    | 3 7 10 13 | 13.2
Blades         | 3 7 10 12 | 12.5
Shields        | 5 |  5.5
Armour         | 5 |  5.7
Dodging        | 5 |  5.9
Polearms       | |  1.1
Throwing       | |  1.0
Stealth        | |  1.7

Action                   |  1- 3 |  4- 6 |  7- 9 | 10-12 | 13-15 || total
-------------------------+-------+-------+-------+-------+-------++-------
Melee: Spear             |    47 |       |       |       |       ||    47
       Dagger            |    53 |   136 |   231 |       |       ||   420
       Kick              |       |    38 |   151 |   149 |    26 ||   364
       Double sword      |       |       |     6 |     5 |       ||    11
       Rapier            |       |       |    54 |    32 |       ||    86
       Scimitar          |       |       |       |   211 |    39 ||   250
Invok: Slouch            |       |       |     1 |     9 |       ||    10
       Temporal Distorti |       |       |       |     2 |       ||     2
       Step From Time    |       |       |       |       |     1 ||     1
       Bend Time         |       |       |       |       |     1 ||     1
Evoke: Wand              |       |       |       |     1 |       ||     1
  Use: Potion            |       |       |     1 |     5 |     1 ||     7
 Stab: Sleeping          |     5 |       |       |       |       ||     5
       Invisible         |       |       |     2 |       |       ||     2
Armor: Robe              |    20 |       |       |       |       ||    20
       Ring mail         |     6 |     7 |       |       |       ||    13
       Scale mail        |       |    49 |   137 |   119 |     6 ||   311
Dodge: Dodged            |    35 |    62 |   144 |   137 |    14 ||   392
Block: Buckler           |       |       |    15 |    62 |     7 ||    84
